 Dungeon Crawl Stone Soup version 0.28.0-45-g0d030f2227 (webtiles) character file.

Game seed: 11636577254694997822

108 Revguard the Grasshopper (level 4, -10/34 HPs)
             Began as a Demonspawn Warper on Apr 20, 2022.
             Was an Initiate of Okawaru.
             Mangled by a polar bear (24 damage)
             ... created by the rage of Trog
             ... on level 3 of the Dungeon.
             The game lasted 00:05:56 (2010 turns).

Revguard the Grasshopper (Demonspawn Warper)        Turns: 2010, Time: 00:05:57

Health: -10/34     AC:  5    Str: 11    XL:     4   Next: 58%
Magic:  7/7        EV: 12    Int: 15    God:    Okawaru [......]
Gold:   73         SH:  0    Dex: 14    Spells: 2/7 levels left

rFire   . . .      SeeInvis .   a - +0 short sword
rCold   . . .      Faith    .   (no shield)
rNeg    . . .      Spirit   .   b - +0 leather armour
rPois   .          Reflect  .   (no helmet)
rElec   .          Harm     .   (no cloak)
rCorr   .          Rampage  .   (no gloves)
Will    .....                   (no boots)
Stlth   ++........              (no amulet)
HPRegen 0.11/turn               (no ring)
MPRegen 0.10/turn               (no ring)

@: hasted, very quick
A: hooves 1, icy blue scales 1
a: Renounce Religion


You were on level 3 of the Dungeon.
You worshipped Okawaru.
Okawaru was noncommittal.
You visited 1 branch of the dungeon, and saw 3 of its levels.

You collected 73 gold pieces.

Inventory:

Hand Weapons
 a - a +0 short sword (weapon)
Missiles
 d - 5 boomerangs of dispersal (quivered)
Armour
 b - a +0 leather armour (worn)
Scrolls
 e - a scroll of identify {unknown}
 g - a scroll of teleportation {unknown}
 h - a scroll of magic mapping {unknown}


   Skills:
 + Level 2.6 Fighting
 + Level 2.3 Short Blades
 - Level 0.8 Throwing
 + Level 1.6 Armour
 + Level 2.4 Dodging
 + Level 1.3 Stealth
 * Level 2.4 Spellcasting
 + Level 2.8 Translocations


You had 2 spell levels left.
You knew the following spells:

 Your Spells              Type           Power      Damage    Failure   Level
a - Blink                 Tloc           20%        N/A       13%         2
b - Gell's Gravitas       Tloc           10%        N/A       26%         3

Your spell library contained the following spells:

 Spells                   Type           Power      Damage    Failure   Level
 Apportation              Tloc           20%        N/A       9%          1
 Lesser Beckoning         Tloc           10%        N/A       26%         3
 Teleport Other           Tloc           10%        N/A       26%         3
 Manifold Assault         Tloc           10%        N/A       94%         5
 Alistair's Intoxication  Tmut/Pois      0%         N/A       100%        5


Dungeon Overview and Level Annotations

Branches:
Dungeon (3/15)

Altars:
Okawaru
Trog

Shops:
D:2 ?

Annotations:
D:2 Natasha


Innate Abilities, Weirdness & Mutations

You have large cloven feet.
You are partially covered in icy blue scales. (AC +2)


Message History

The kobold hits you with a +0 short sword.
You barely miss the polar bear.
You kick the polar bear, but do no damage.
A kobold comes into view. It is wielding a +0 dagger.
The kobold closely misses you. The polar bear bites you!
The polar bear barely misses you. The polar bear closely misses you.
You hit the polar bear but do no damage.
You kick the polar bear.
The polar bear is lightly wounded.
The black bear bites you. The black bear barely misses you. x2
The polar bear misses you. The polar bear claws you.
The polar bear closely misses you.
A kobold comes into view. It is wielding a +0 whip.
The polar bear completely misses you.
The polar bear claws you but does no damage.
The polar bear closely misses you.
The black bear bites you but does no damage.
The black bear barely misses you. x2; The polar bear barely misses you.
The polar bear claws you. The polar bear closely misses you.
Blink to where?
Press: ? - help, Dir - move target
As you read the scroll of blinking, it crumbles to dust.
The polar bear rages.
The polar bear rages.
You hear an angry growl. x3
Found a hand axe.
The polar bear rages.
You hear an angry growl.
There is a stone staircase leading down here.
The polar bear closely misses you.
The polar bear claws you but does no damage.
The polar bear barely misses you.
You hear an angry growl.
You climb downwards.
Found 20 arrows.
There is a stone staircase leading up here.
It was a potion of haste.
You feel yourself speed up. The polar bear bites you!!
Ouch! That really hurt!
You die... ######### #@h....(. #########

You could see a polar bear (berserk).

Vanquished Creatures
  Natasha (twice) (D:2)
  3 adders (D:2)
  6 ball pythons
  An endoplasm (D:1)
  2 giant cockroaches (D:1)
  3 goblins (D:1)
  5 hobgoblins (D:1)
  A bat (D:1)
  9 frilled lizards (D:1)
  2 kobolds (D:2)
  A rat (D:1)
35 creatures vanquished.

Vanquished Creatures (others)
  9 toadstools (D:2)
9 creatures vanquished.

Grand Total: 44 creatures vanquished

Notes
Turn   | Place    | Note
-------+----------+-------------------------------------------
     0 | D:1      | Revguard the Demonspawn Warper began the quest for the Orb.
     0 | D:1      | Reached XP level 1. HP: 16/16 MP: 3/3
   179 | D:1      | Reached skill level 1 in Armour
   269 | D:1      | Gained mutation: You are partially covered in icy blue
                  | scales. (AC +2) [demonic ancestry]
   269 | D:1      | Reached XP level 2. HP: 18/22 MP: 5/5
   494 | D:1      | Reached skill level 1 in Stealth
   501 | D:1      | Learned a level 2 spell: Blink
  1187 | D:1      | Gained mutation: You have large cloven feet. [demonic
                  | ancestry]
  1187 | D:1      | Reached XP level 3. HP: 26/27 MP: 6/6
  1214 | D:1      | Found a faded altar of an unknown god.
  1321 | D:1      | Prayed at the altar of an unknown god.
  1321 | D:1      | Became a worshipper of Trog the Wrathful
  1321 | D:1      | Reached * piety under Trog
  1369 | D:2      | Noticed Natasha
  1379 | D:2      | Killed Natasha
  1586 | D:2      | Found Wuirueh's Magic Scroll Emporium.
  1598 | D:2      | Noticed Natasha
  1609 | D:2      | Killed Natasha
  1610 | D:2      | Reached XP level 4. HP: 29/34 MP: 7/7
  1610 | D:2      | Fell from the grace of Trog
  1656 | D:2      | Found an iron altar of Okawaru.
  1766 | D:2      | Became a worshipper of Warmaster Okawaru
  1809 | D:2      | Noticed Natasha
  1830 | D:2      | Learned a level 3 spell: Gell's Gravitas
  1998 | D:2      | Noticed a polar bear
  1998 | D:2      | Noticed a black bear
  1998 | D:2      | Noticed a polar bear
  1998 | D:2      | Noticed a polar bear
  2010 | D:3      | Mangled by a polar bear

Illustrated notes

Levels and vault maps discovered:
D:1:      lightli_molten_gateway, layout_basic,
          hellmonk_ecumenical_altar_leap_of_faith, minmay_lizard_pond
D:2:      cheibrodos_fertilizer, layout_basic, basic_altar, serial_shops, shop,
          uniq_natasha, uniq_sigmund
D:3:      layout_basic, old_standard_altar, minmay_misc_feat_nine_boxes,
          uniq_pargi

Skill      XL: |  1  2  3 |
---------------+----------+-----
Armour         | 1 |  1.6
Stealth        | 1 |  1.3
Dodging        | 2 |  2.4
Short Blades   | 2 |  2.3
Fighting       | |  2.6
Throwing       | |  0.8
Spellcasting   | |  2.4
Translocations | |  2.8

Action                   |  1- 3 |  4- 6 || total
-------------------------+-------+-------++-------
Melee: Short sword       |   101 |    29 ||   130
       Punch             |     3 |       ||     3
       Kick              |     6 |     8 ||    14
Invok: Renounce Religion |       |     1 ||     1
  Use: Scroll            |       |     1 ||     1
       Potion            |       |     1 ||     1
 Stab: Sleeping          |     1 |       ||     1
Armor: Leather armour    |    33 |    10 ||    43
Dodge: Dodged            |    59 |    32 ||    91
